 Dungeon Crawl Stone Soup version 0.31-a0-1522-g43313d8a59 (webtiles) character file.

Game seed: 5181596174805984696

830 quinnr the Zephyrmancer (level 7, -2/40 HPs)
             Began as a Tengu Air Elementalist on Dec 31, 2023.
             Slain by Prince Ribbit (13 damage)
             ... on level 4 of the Dungeon.
             The game lasted 00:07:53 (3607 turns).

quinnr the Zephyrmancer (Tengu Air Elementalist)    Turns: 3607, Time: 00:07:53

Health: -2/40      AC:  4    Str:  9    XL:     7   Next: 97%
Magic:  10/13      EV: 32    Int: 17    God:
Gold:   261        SH:  0    Dex: 20    Spells: 10/13 levels left

rFire   . . .        b - +2 sling (flame)
rCold   . . .        (no shield)
rNeg    . . .        p - +2 robe {Will+}
rPois   .            (helmet restricted)
rElec   .            (no cloak)
rCorr   .            (no gloves)
SInv    .            (boots unavailable)
Will    +....        (no amulet)
Stlth   +++          Y - +4 ring of slaying
HPRegen 0.26/turn    D - +6 ring of dexterity
MPRegen 0.13/turn

%: acrobat
@: acrobatic, flying
A: beak, talons 3, evasive flight, acrobatic
a: no special abilities


You were on level 4 of the Dungeon.
You visited 1 branch of the dungeon, and saw 5 of its levels.

You collected 261 gold pieces.


Innate Abilities, Weirdness & Mutations

You have a beak for a mouth.
You have claws for feet.
Your magical flight helps you evade attacks. (EV +4)
You can magically evade attacks while moving or waiting.


   Skills:
 - Level 2.0 Fighting
 + Level 3.5 Ranged Weapons
 - Level 3.0 Dodging
 - Level 3.0 Stealth
 + Level 3.7 Spellcasting
 - Level 4.0 Conjurations
 - Level 8.0 Air Magic


You had 10 spell levels left.
You knew the following spells:

 Your Spells              Type           Power      Damage    Failure   Level
s - Searing Ray           Conj           32%        2d5       4%          2
z - Shock                 Conj/Air       92%        1d8       1%          1

Your spell library contained the following spells:

 Spells                   Type           Power      Damage    Failure   Level
 Static Discharge         Conj/Air       46%        3-5/arc   1%          2
 Swiftness                Air            30%        N/A       1%          3
 Magic Dart               Conj           64%        1d6       3%          1
 Airstrike                Air            15%        2d(3-19)  6%          4
 Summon Small Mammal      Summ           12%        N/A       16%         1
 Call Canine Familiar     Summ           3%         N/A       43%         3
 Inner Flame              Hex/Fire       3%         N/A       43%         3
 Fulminant Prism          Conj/Alch      4%         3d5       56%         4
 Summon Blazeheart Golem  Fire/Summ      3%         N/A       85%         4
 Irradiate                Conj/Alch      4%         3d13      89%         5
 Ignition                 Fire           1%         3d3       100%        8

Inventory:

Hand Weapons
 b - a +2 sling of flaming (weapon)
Missiles
 n - 4 poisoned darts
Armour
 a - a +0 robe
 p - a +2 robe of willpower (worn)
Jewellery
 D - a +6 ring of dexterity (right hand)
 Y - a +4 ring of slaying (left hand)
Scrolls
 c - 5 scrolls of fear {unknown}
 d - 7 scrolls of identify {@r1}
 e - a scroll of immolation
 g - a scroll of brand weapon {unknown}
 l - a scroll of vulnerability {unknown}
 q - a scroll of enchant armour {unknown}
 r - a scroll of revelation {unknown}
Potions
 f - 2 potions of mutation {unknown}
 h - a potion of heal wounds {unknown}
 i - a potion of curing {@q1}
 j - a potion of brilliance {unknown}
 k - 2 potions of enlightenment {unknown}
 m - a potion of attraction {unknown}
 o - a potion of magic

Dungeon Overview and Level Annotations

Branches:
Dungeon (5/15)
 Temple: D:4-7

Altars:
Ashenzari
Makhleb

Annotations:
D:4 2 transporters, Prince Ribbit

.#...<#...................# ###
....###.....###...........#####..
.#..###.....###...........##....#
............+.'...........##.####
......##....###..............#
.....).............#'######..####
#..........#....................#
###...##.....##.......#.#...###.#
.÷.....#.....#..@.#.....#...# #.#
.......#.....#...F......#...###.#
.......#.....+.....#....+.......#
########.....#....>.....#.......#
### #.............#....#.......#
..# #.....................####.#
..####.....................####.#
.......................#......#.#
▒▒▒▒▒▒.............#..........#.#


You could see Prince Ribbit.


Message History

Aim: Prince Ribbit (61% to hit)
The searing ray hits Prince Ribbit.
Prince Ribbit is lightly wounded. (Press . to maintain the ray.) Prince Ribbit hits you! x2
* * * LOW HITPOINT WARNING * * *
The searing ray misses Prince Ribbit.
Prince Ribbit misses you.
The searing ray hits Prince Ribbit!
Prince Ribbit is moderately wounded.
Prince Ribbit catches a centipede with his tongue.
Prince Ribbit hits you!
* * * LOW HITPOINT WARNING * * *
Prince Ribbit blinks!
Unknown command.
Unknown command.
You aren't carrying any items that you can evoke.
Okay, then.
As you read the scroll labelled ROUNET DUVVICE, it crumbles to dust.
It is a scroll of identify.
e - a scroll of immolation It was a potion of curing.
You feel better.
Prince Ribbit attacks as he pursues you!
Prince Ribbit completely misses you. Prince Ribbit misses you.
Prince Ribbit attacks as he pursues you!
Prince Ribbit closely misses you.
There is a stone staircase leading down, spattered with blood here.
Prince Ribbit completely misses you. Prince Ribbit completely misses you.
Prince Ribbit hits you!
You die...

Skill      XL: |  1  2  3  4  5  6  7 |
---------------+----------------------+-----
Conjurations   | 2 3 4 |  4.0
Air Magic      | 5 6 7 8 |  8.0
Ranged Weapons | 1 3 |  3.5
Fighting       | 2 |  2.0
Dodging        | 3 |  3.0
Stealth        | 3 |  3.0
Spellcasting   | 3 |  3.7

Action                     |  1- 3 |  4- 6 |  7- 9 || total
---------------------------+-------+-------+-------++-------
   Fire: Sling             |       |    80 |    27 ||   107
   Cast: Shock             |    39 |     3 |       ||    42
         Searing Ray       |     2 |    11 |     4 ||    17
    Use: Potion            |     1 |       |     1 ||     2
         Scroll            |       |       |     1 ||     1
 Armour: Robe              |     1 |     7 |    11 ||    19
  Dodge: Dodged            |       |    26 |    30 ||    56

Levels and vault maps discovered:
D:1:      minmay_arrival_glassed_features, layout_basic, minmay_fountain_box,
          nicolae_hexahallways, corexii_leaking_fountain,
          kennysheep_another_room, minmay_statues_item, minmay_cut_off
D:2:      layout_rooms, uniq_natasha
D:3:      layout_basic, guppyfry_early_lair_pool, uniq_terence
D:4:      layout_basic, gammafunk_temple_overflow_arena, uniq_sigmund
D:5:      layout_basic, serial_shops, nicolae_shop_advertising_works
          [nicolae_subvault_shop_adworks], uniq_prince_ribbit1

Notes
Turn   | Place    | Note
-------+----------+-------------------------------------------
     0 | D:1      | quinnr the Tengu Air Elementalist began the quest for the
                  | Orb.
     0 | D:1      | Reached XP level 1. HP: 10/10 MP: 4/4
   250 | D:1      | Reached XP level 2. HP: 15/15 MP: 4/6
   286 | D:1      | Reached skill level 2 in Conjurations
   785 | D:1      | Learned a level 2 spell: Searing Ray
  1010 | D:1      | Reached XP level 3. HP: 19/19 MP: 5/7
  1122 | D:2      | Reached skill level 5 in Air Magic
  1353 | D:2      | Reached skill level 3 in Conjurations
  1353 | D:2      | Reached XP level 4. HP: 24/24 MP: 5/8
  1408 | D:2      | Noticed Natasha
  1415 | D:2      | Killed Natasha
  1491 | D:2      | Noticed Natasha
  1497 | D:2      | Killed Natasha
  1498 | D:2      | Reached skill level 4 in Conjurations
  1498 | D:2      | Reached skill level 6 in Air Magic
  1517 | D:2      | Reached XP level 5. HP: 28/28 MP: 9/9
  1528 | D:2      | Noticed Natasha
  1555 | D:2      | Killed Natasha
  1753 | D:2      | Reached skill level 7 in Air Magic
  2013 | D:3      | Noticed Terence
  2019 | D:3      | Killed Terence
  2079 | D:3      | Reached skill level 1 in Ranged Weapons
  2080 | D:3      | Reached XP level 6. HP: 30/32 MP: 1/10
  2352 | D:3      | Reached skill level 2 in Ranged Weapons
  2839 | D:4      | Reached skill level 3 in Ranged Weapons
  2839 | D:4      | Reached skill level 8 in Air Magic
  2839 | D:4      | Gained mutation: Your magical flight helps you evade
                  | attacks. (EV +4) [Tengu growth]
  2839 | D:4      | Reached XP level 7. HP: 37/37 MP: 11/11
  2852 | D:4      | Reached skill level 1 in Fighting
  2887 | D:4      | Reached skill level 3 in Dodging
  2956 | D:4      | Noticed Sigmund
  2958 | D:4      | Killed Sigmund
  2959 | D:4      | Reached skill level 2 in Fighting
  2959 | D:4      | Reached skill level 3 in Stealth
  2959 | D:4      | Reached skill level 3 in Spellcasting
  3016 | D:4      | Found a transporter.
  3020 | D:4      | Found a burning altar of Makhleb.
  3020 | D:4      | Found a broken altar of Ashenzari.
  3120 | D:4      | Found a transporter.
  3426 | D:5      | Entered Level 5 of the Dungeon
  3592 | D:5      | Noticed Prince Ribbit
  3597 | D:4      | HP: 3/40 [Prince Ribbit (11)]
  3607 | D:4      | Slain by Prince Ribbit

Vanquished Creatures
  Sigmund (D:4)
  A water moccasin (D:4)
  An ogre (D:4)
  A scorpion (D:4)
  A howler monkey (D:4)
  2 bombardier beetles
  A jelly (D:3)
  Natasha (thrice) (D:2)
  Terence (D:3)
  An orc wizard (D:3)
  9 adders
  3 dart slugs
  A ribbon worm (D:4)
  3 orcs
  5 ball pythons
  4 endoplasms
  6 giant cockroaches
  3 goblins
  9 hobgoblins
  2 jackals (D:2)
  2 quokkas (D:2)
  2 bats
  2 frilled lizards
  3 kobolds
  5 rats
72 creatures vanquished.

Table legend: (Time is in decaauts)
 A = Elapsed time spent in this place.
 B = Non-inter-level travel time spent in this place.
 C = Inter-level travel time spent in this place.
 D = Time resting spent in this place.
 E = Time spent auto-exploring this place.
 F = Levels seen in this place.
 G = Mean time per level.
                   A        B        C        D        E       F      G
               +--------+--------+--------+--------+--------+-----+--------+
         Total |   3648 |   3555 |     93 |    322 |   2665 |   5 |  729.6 |
       Dungeon |   3648 |   3555 |     93 |    322 |   2665 |   5 |  729.6 |
               +--------+--------+--------+--------+--------+-----+--------+

Top non-repeatable levels by time:
     D:1: 1120 daAuts
     D:2: 957 daAuts
     D:4: 850 daAuts
     D:3: 715 daAuts
     D:5: 5 daAuts

Table legend:
 A = Non-vault XP
 B = Vault XP
 C = Vault XP percentage of total XP
 D = Non-vault monster count
 E = Vault monster count
 F = Vault count percentage of total count
                 A         B        C        D         E       F
            +---------+---------+-------+---------+---------+-------
      Total |     886 |     300 |  25.3 |      67 |       5 |   6.9
            +---------+---------+-------+---------+---------+-------
        D:1 |      33 |       4 |  10.8 |      17 |       2 |  10.5
        D:2 |     181 |      37 |  17.0 |      19 |       1 |   5.0
        D:3 |     138 |      36 |  20.7 |      16 |       1 |   5.9
        D:4 |     534 |     223 |  29.5 |      15 |       1 |   6.2
            +---------+---------+-------+---------+---------+-------

Levels and vault maps discovered:
D:1:      minmay_arrival_glassed_features, layout_basic, minmay_fountain_box,
          nicolae_hexahallways, corexii_leaking_fountain,
          kennysheep_another_room, minmay_statues_item, minmay_cut_off
D:2:      layout_rooms, uniq_natasha
D:3:      layout_basic, guppyfry_early_lair_pool, uniq_terence
D:4:      layout_basic, gammafunk_temple_overflow_arena, uniq_sigmund
D:5:      layout_basic, serial_shops, nicolae_shop_advertising_works
          [nicolae_subvault_shop_adworks], uniq_prince_ribbit1
